 Dungeon Crawl Stone Soup version 0.28-a0-657-g71136c5590 (webtiles) character file.

Game seed: 7006754185533847670

20 lawman0 the Covert (level 2, -1/29 HPs)
             Began as a Gnoll Delver on Oct 14, 2021.
             Slain by an orc (4 damage)
             ... on level 5 of the Dungeon.
             The game lasted 00:00:12 (52 turns).

lawman0 the Covert (Gnoll Delver)                     Turns: 52, Time: 00:00:12

Health: -1/29      AC:  3    Str: 11    XL:     2   Next: 79%
Magic:  2/2        EV: 13    Int:  9    God:
Gold:   0          SH:  0    Dex: 13    Spells: 2/2 levels left

rFire   . . .      SeeInvis .   a - +0 falchion
rCold   . . .      Faith    .   (no shield)
rNeg    . . .      Spirit   .   b - +0 leather armour
rPois   .          Reflect  .   (no helmet)
rElec   .          Harm     .   (no cloak)
rCorr   .          Rampage  .   (no gloves)
Will    .....                   (no boots)
Stlth   ++++......              (no amulet)
HPRegen 0.09/turn               (no ring)
MPRegen 0.08/turn               (no ring)

@: hasted, very quick
A: fangs 1, strong nose, distributed training
a: no special abilities


You were on level 5 of the Dungeon.
You visited 1 branch of the dungeon, and saw 1 of its levels.

Inventory:

Hand Weapons
 a - a +0 falchion (weapon)
Armour
 b - a +0 leather armour (worn)
Wands
 g - a wand of digging (3)
Scrolls
 c - a scroll of fog
 e - a scroll of fear


   Skills:
 + Level 6.5 Fighting
 + Level 0.5 Short Blades
 + Level 4.5 Long Blades
 + Level 0.5 Axes
 + Level 0.5 Maces & Flails
 + Level 0.5 Polearms
 + Level 0.5 Staves
 + Level 0.5 Slings
 + Level 0.5 Bows
 + Level 0.5 Crossbows
 + Level 0.5 Throwing
 + Level 0.5 Armour
 + Level 4.5 Dodging
 + Level 9.5 Stealth
 + Level 0.5 Shields
 + Level 0.5 Unarmed Combat
 + Level 0.5 Spellcasting
 + Level 0.3 Conjurations
 + Level 0.3 Hexes
 + Level 0.3 Summonings
 + Level 0.3 Necromancy
 + Level 0.3 Translocations
 + Level 0.3 Transmutations
 + Level 0.3 Fire Magic
 + Level 0.3 Ice Magic
 + Level 0.3 Air Magic
 + Level 0.3 Earth Magic
 + Level 0.3 Poison Magic
 + Level 0.6 Invocations
 + Level 0.5 Evocations


You had 2 spell levels left.
You didn't know any spells.
Your spell library was empty.

Dungeon Overview and Level Annotations

Branches:
Dungeon (5/15)             Temple (0/1) D:5

Altars:


Innate Abilities, Weirdness & Mutations

You have very sharp teeth.
Your uncanny sense of smell can sniff out nearby items.
Your experience applies equally to all skills.


Message History

A howler monkey skeleton comes into view.
You slash the quokka!
You kill the quokka!
You see here a quokka corpse.
You closely miss the orc. You hit the howler monkey skeleton.
The howler monkey skeleton is moderately damaged.
An orc comes into view. It is wielding a +0 short sword.
The orc misses you.
The howler monkey skeleton closely misses you.
You slash the howler monkey skeleton!
The howler monkey skeleton is severely damaged.
The orc hits you with a +0 flail. The howler monkey skeleton hits you.
You hit the howler monkey skeleton.
The howler monkey skeleton is almost destroyed.
The orc hits you with a +0 flail!
The white imp grinds its teeth.
You are too injured to fight recklessly!
An orc priest comes into view. It is wielding a +0 hand axe.
You feel yourself speed up. The orc hits you with a +0 flail.
* * * LOW HITPOINT WARNING * * *
You hit the orc but do no damage. The orc barely misses you.
You hit the orc but do no damage. You slash the orc!
You kill the orc!
The orc hits you with a +0 short sword.
* * * LOW HITPOINT WARNING * * *
You hit the white imp.
The white imp is heavily wounded.
The orc barely misses you.
Unknown command.
You slash the white imp!
You kill the white imp!
You have reached level 2!
You hit the howler monkey skeleton.
You destroy the howler monkey skeleton!
The orc hits you but does no damage.
Unknown command.
The orc hits you with a +0 short sword.
You die...

,,,,,,,,,,,,,*,,,,,,#.*#.# ***
,,*,,,*,,,*,,**#+#**#.##.#
**,,,,,***,,** #.# *..#.#
,*,*,,,*∆*,,* #.# *#.#.#
*+,,,,,+**,,* #.# #.#.#
,,**+**,,,*,* #.# #...#
,,*,,,#,,,,,* #.######..#
*,*,,,#.########o.......>######
,,*∆∆∆#..†......@.............#
,,****#...#..################.#
*+,o..o'##...# #.#
,*,###.#∆#...# #$#
**,,#..**#...# #.#
,,*,#.*,,.#..# #.#
*,,,#,,,#....# #.#**
********#....# #..,, ******
*****


You could see an orc.

Vanquished Creatures
  A howler monkey skeleton (D:5)
  A white imp (D:5)
  An orc (D:5)
  A quokka (D:5)
4 creatures vanquished.

Notes
Turn   | Place    | Note
-------+----------+-------------------------------------------
     0 | D:5      | Reached skill level 9 in Stealth
     0 | D:5      | lawman0 the Gnoll Delver began the quest for the Orb.
     0 | D:5      | Reached XP level 1. HP: 23/23 MP: 1/1
    37 | D:5      | Noticed an orc priest
    51 | D:5      | Reached XP level 2. HP: 3/29 MP: 2/2
    52 | D:5      | Slain by an orc

Illustrated notes

Levels and vault maps discovered:
D:5:      layout_basic, minmay_temple_entry_trees,
          minmay_fractal_squares_diagonal_5, uniq_duvessa, uniq_sigmund

Skill      XL: | |
---------------+-+-----
Stealth        | |  9.5
Fighting       | |  6.5
Short Blades   | |  0.5
Long Blades    | |  4.5
Axes           | |  0.5
Maces & Flails | |  0.5
Polearms       | |  0.5
Staves         | |  0.5
Slings         | |  0.5
Bows           | |  0.5
Crossbows      | |  0.5
Throwing       | |  0.5
Armour         | |  0.5
Dodging        | |  4.5
Shields        | |  0.5
Unarmed Combat | |  0.5
Spellcasting   | |  0.5
Conjurations   | |  0.3
Hexes          | |  0.3
Summonings     | |  0.3
Necromancy     | |  0.3
Translocations | |  0.3
Transmutations | |  0.3
Fire Magic     | |  0.3
Ice Magic      | |  0.3
Air Magic      | |  0.3
Earth Magic    | |  0.3
Poison Magic   | |  0.3
Invocations    | |  0.6
Evocations     | |  0.5

Action                   || total
-------------------------++-------
Melee: Falchion          ||    13
  Use: Scroll            ||     1
       Potion            ||     1
Armor: Leather armour    ||     1
Dodge: Dodged            ||     7

Table legend: (Time is in decaauts)
 A = Elapsed time spent in this place.
 B = Non-inter-level travel time spent in this place.
 C = Inter-level travel time spent in this place.
 D = Time resting spent in this place.
 E = Time spent auto-exploring this place.
 F = Levels seen in this place.
 G = Mean time per level.
                   A        B        C        D        E       F      G
               +--------+--------+--------+--------+--------+-----+--------+
         Total |     50 |     50 |      0 |      0 |      0 |   1 |   50.0 |
       Dungeon |     50 |     50 |      0 |      0 |      0 |   1 |   50.0 |
               +--------+--------+--------+--------+--------+-----+--------+

Top non-repeatable levels by time:
     D:5: 50 daAuts
